 Dungeon Crawl Stone Soup version 0.28.0-53-g5a82cb258f (webtiles) character file.

Game seed: 10604205530232531866

105 mcbry74 the Firebug (level 4, -1/33 HPs)
             Began as a Hill Orc Fire Elementalist on July 7, 2022.
             Killed from afar by Sigmund (5 damage)
             ... with a magic dart
             ... on level 3 of the Dungeon.
             The game lasted 00:10:55 (3356 turns).

mcbry74 the Firebug (Hill Orc Fire Elementalist)    Turns: 3356, Time: 00:10:56

Health: -1/33      AC:  3    Str: 16    XL:     4   Next: 81%
Magic:  3/6        EV: 12    Int: 17    God:
Gold:   46         SH:  0    Dex: 11    Spells: 3/6 levels left

rFire   . . .      SeeInvis .   p - +2 whip (venom)
rCold   . . .      Faith    .   (no shield)
rNeg    . . .      Spirit   .   a - +0 robe
rPois   +          Reflect  .   (no helmet)
rElec   .          Harm     .   (no cloak)
rCorr   .          Rampage  .   (no gloves)
Will    .....                   b - +0 pair of boots
Stlth   ++........              (no amulet)
HPRegen 0.11/turn               l - ring of poison resistance
MPRegen 0.10/turn               r - +6 ring of strength

@: no status effects
A: no striking features
a: no special abilities


You were on level 3 of the Dungeon.
You visited 1 branch of the dungeon, and saw 3 of its levels.

You collected 46 gold pieces.

Inventory:

Hand Weapons
 p - a +2 whip of venom (weapon)
Missiles
 k - 7 stones
 q - a boomerang
Armour
 a - a +0 robe (worn)
 b - a +0 pair of boots (worn)
Jewellery
 g - a ring of ice
 l - a ring of poison resistance (left hand)
 r - a +6 ring of strength (right hand)
Scrolls
 c - a scroll of holy word {unknown}
 e - 2 scrolls of identify {unknown}
 j - a scroll of noise {unknown}
 m - a scroll of enchant weapon {unknown}
 o - a scroll of fog {unknown}
Potions
 d - a potion of attraction {unknown}
 f - 4 potions of curing {unknown}
 h - a potion of might {unknown}
 i - a potion of magic {unknown}
 n - a potion of flight {unknown}


   Skills:
 - Level 1.5 Dodging
 - Level 1.5 Stealth
 - Level 1.5 Spellcasting
 + Level 2.5 Conjurations
 * Level 5.2 Fire Magic


You had 3 spell levels left.
You knew the following spells:

 Your Spells              Type           Power      Damage    Failure   Level
a - Foxfire               Conj/Fire      56%        2x1d6     4%          1
b - Scorch                Fire           38%        2d6       3%          2

Your spell library contained the following spells:

 Spells                   Type           Power      Damage    Failure   Level
 Conjure Flame            Conj/Fire      14%        6-21      12%         3
 Inner Flame              Hex/Fire       10%        N/A       21%         3
 Blink                    Tloc           2%         N/A       30%         2
 Ignite Poison            Fire/Tmut/Pois 7%         N/A       30%         3
 Mephitic Cloud           Conj/Pois/Air  4%         N/A       41%         3
 Lesser Beckoning         Tloc           1%         N/A       52%         3
 Flame Wave               Conj/Fire      14%        2d6       38%         4
 Summon Ice Beast         Ice/Summ       1%         N/A       90%         4
 Freezing Cloud           Conj/Ice/Air   2%         6-21      99%         5
 Manifold Assault         Tloc           1%         N/A       99%         5
 Summon Mana Viper        Hex/Summ       1%         N/A       99%         5
 Monstrous Menagerie      Summ           0%         N/A       100%        7


Dungeon Overview and Level Annotations

Branches:
Dungeon (3/15)

Altars:
Ashenzari

Shops:
D:1 (

Annotations:
D:3 Sigmund


Message History

The bat is heavily wounded.
The foxfire hits the bat.
You kill the bat!
Sigmund is nearby!
Sigmund shouts!
You see here a bat corpse.
Casting: Foxfire (safe; 4% risk of failure)
Confirm with . or Enter, or press ? or * to list all spells.
Flames lash Sigmund.
Sigmund is moderately wounded.
Sigmund's fire resistance burns away.
Sigmund gestures at you while chanting.
You are confused.
Sigmund points at you and mumbles some strange words.
You resist with some effort.
Sigmund hits you from afar with a +0 scythe!
Sigmund is no longer more vulnerable to fire.
Sigmund casts a spell at you. The magic dart hits you!
You feel less confused.
Sigmund points at you and mumbles some strange words.
The magic dart hits you.
Sigmund points at you and mumbles some strange words.
The puff of flame hits you.
* * * LOW HITPOINT WARNING * * *
Sigmund points at you and mumbles some strange words.
The magic dart hits you.
* * * LOW HITPOINT WARNING * * *
Casting: Scorch (safe; 3% risk of failure)
Confirm with . or Enter, or press ? or * to list all spells.
You can't see any susceptible monsters within range! (Use Z to cast anyway.)
Casting: Scorch (safe; 3% risk of failure)
Confirm with . or Enter, or press ? or * to list all spells.
You can't see any susceptible monsters within range! (Use Z to cast anyway.)
Casting: Scorch (safe; 3% risk of failure)
Confirm with . or Enter, or press ? or * to list all spells.
You conjure some foxfire!
Sigmund casts a spell at you. The magic dart hits you.
You die...

.# ... #.# .... ....
#.# ..... ....#
####.# ..#..
.....####....#+#....
..................
#............#
##...........+
##.....@...@v#
+...........v......
##..†.######.##...#
#....# ..+ ..#
#....# ###...o
####.# ##....
#.#######......
#......#≈≈≈≈≈≈≈
##.....#≈......


You could see Sigmund (ally target) and an orc wizard.

Vanquished Creatures
  An orc priest (D:3)
  2 adders (D:2)
  3 dart slugs
  5 orcs (D:3)
  4 bats
  An endoplasm (D:1)
  3 goblins
  5 hobgoblins
  3 quokkas (D:1)
  5 ball pythons
  4 frilled lizards
  6 kobolds
  5 rats
47 creatures vanquished.

Vanquished Creatures (others)
  105 foxfires
105 creatures vanquished.

Grand Total: 152 creatures vanquished

Notes
Turn   | Place    | Note
-------+----------+-------------------------------------------
     0 | D:1      | mcbry74 the Hill Orc Fire Elementalist began the quest for
                  | the Orb.
     0 | D:1      | Reached XP level 1. HP: 14/14 MP: 3/3
   249 | D:1      | Reached XP level 2. HP: 20/20 MP: 0/4
   690 | D:1      | Reached skill level 4 in Fire Magic
   951 | D:1      | Found Xoirexke's Antique Weapon Shop.
  1053 | D:1      | Reached XP level 3. HP: 18/26 MP: 0/5
  1181 | D:1      | Learned a level 2 spell: Scorch
  2402 | D:2      | Found a broken altar of Ashenzari.
  2415 | D:2      | Reached XP level 4. HP: 33/33 MP: 2/6
  2752 | D:3      | Reached skill level 5 in Fire Magic
  3339 | D:3      | Noticed Sigmund
  3356 | D:3      | Killed from afar by Sigmund

Illustrated notes

Levels and vault maps discovered:
D:1:      dpeg_arrival_signposts, layout_basic, serial_shops,
          nicolae_shop_behind_doors
D:2:      layout_loops_ring, basic_altar, minmay_pentomino_v2
D:3:      layout_basic, nicolae_overflow_squiral, uniq_sigmund

Skill      XL: |  1  2  3  4 |
---------------+-------------+-----
Fire Magic     | 4 5 |  5.2
Conjurations   | 2 |  2.5
Dodging        | |  1.5
Stealth        | |  1.5
Spellcasting   | |  1.5

Action                   |  1- 3 |  4- 6 || total
-------------------------+-------+-------++-------
Melee: Unarmed           |     4 |       ||     4
       Whip              |       |     4 ||     4
 Cast: Foxfire           |    48 |    14 ||    62
       Scorch            |     4 |     6 ||    10
Armor: Robe              |     7 |     4 ||    11
Dodge: Dodged            |    22 |     3 ||    25
